cohdb
Replays
Latest Replays
All Replays
Popular Replays
Top Player Replays
Match Explorer
How It Works
Community
CoH3 Stats
Reddit
Sign in to upload your games and track your stats! →
Sign in with Steam
Match 43526000
Unlisted
Match 43526000
Overview
Messages
Build Orders
End
Royal Engineer Section
Vickers Machine Gun Team
Construct Section Command Post
Construct Platoon Command Post
Royal Engineer Section
Humber Armored Car
Selects Indian Artillery Battlegroup
Selects Valour
Selects Gurkha Rifles Section
Gurkha Rifles Section
6-pounder Anti-tank Gun Team
CMP 15cwt Truck
新兵
Ashuin
SpiNoS
Kakashi
Animex14
RhumsteaK
King Raptor
SHELDONATOR
0
0
Comments
sign in to comment!
No comments posted yet!